 Dungeon Crawl Stone Soup version 0.22-a0-348-gd16d139 (webtiles) character file.

3925 BaronVonScrub the Cleaver (level 10, -5/80 HPs)
             Began as a Demonspawn Berserker on Apr 7, 2018.
             Was an Initiate of Ashenzari.
             Slain by a komodo dragon (16 damage)
             ... on level 1 of the Lair of Beasts.
             The game lasted 00:32:21 (6411 turns).

BaronVonScrub the Cleaver (Demonspawn Berserker)    Turns: 6411, Time: 00:32:22

Health: -5/80      AC: 24    Str: 21 (25) XL:     10   Next: 1%
Magic:  0/10       EV: 11    Int:  9      God:    Ashenzari [......]
Gold:   369        SH:  0    Dex: 14      Spells: 9/9 levels left

rFire    . . .     SeeInvis .   a - +2 hand axe
rCold    + + +     Gourm    .   (no shield)
rNeg     . . .     Faith    .   i - +3 chain mail (curse)
rPois    .         Spirit   +   s - +1 helmet (curse)
rElec    .         Reflect  .   y - +0 cloak
rCorr    .         Harm     .   r - +0 pair of gloves (curse)
MR       .....     Clarity  +   m - +2 pair of boots "Ihotwajo" {rC++ Str+4 Dex+2}
Stlth    ..........             d - amulet of guardian spirit (curse)
HPRegen  0.23/turn              k - ring of protection from cold
MPRegen  0.12/turn              v - +2 ring of evasion (curse)

@: no status effects
A: claws 1, icy blue scales 2, clarity, cold resistance 1, powered by death 2,
spiny 2
a: Curse Item, Renounce Religion


You were on level 1 of the Lair of Beasts.
You worshipped Ashenzari.
Ashenzari was noncommittal.
You were not hungry.

You visited 3 branches of the dungeon, and saw 10 of its levels.

You collected 369 gold pieces.

Inventory:

Hand Weapons
 a - a +2 hand axe (weapon)
 g - a +0 war axe
 p - a +0 war axe
 A - a +0 war axe
Armour
 b - a +0 animal skin
 i - a cursed +3 chain mail (worn)
 m - the +2 pair of boots "Ihotwajo" (worn) {rC++ Str+4 Dex+2}
   (You found it on level 7 of the Dungeon)

   It affects your strength (+4).
   It affects your dexterity (+2).
   It greatly protects you from cold.
 r - a cursed +0 pair of gloves (worn)
 s - a cursed +1 helmet (worn)
 y - a +0 cloak (worn)
Jewellery
 d - a cursed amulet of guardian spirit (around neck)
 k - a ring of protection from cold (left hand)
 v - a cursed +2 ring of evasion (right hand)
Wands
 l - a wand of paralysis (6)
 n - a wand of iceblast (19)
 w - a wand of disintegration (16)
Scrolls
 e - 4 scrolls of teleportation
 f - 2 scrolls of enchant weapon
 h - a scroll of amnesia
 o - 2 scrolls of identify
Potions
 q - 4 potions of curing
 t - 2 potions of resistance
 u - a potion of agility
 x - a potion of cancellation
Comestibles
 c - 23 rations


   Skills:
 * Level 8.2 Fighting
 + Level 9.3 Axes
 * Level 7.0 Armour
 - Level 2.1 Dodging
 - Level 0.1 Stealth


You had 9 spell levels left.
You didn't know any spells.

Dungeon Overview and Level Annotations

Branches:
Dungeon (8/15)             Temple (1/1) D:4            Lair (1/6) D:8

Altars:
Ashenzari
Cheibriados
Dithmenos
Elyvilon
Fedhas
Gozag
Hepliaklqana
Kikubaaqudgha
Makhleb
Nemelex Xobeh
Okawaru
Qazlal
Ru
Sif Muna
Trog
Uskayaw
Vehumet
Wu Jian
Xom
Yredelemnul
Zin

Shops:
D:4 (

Annotations:
D:3 BaronVonScrub's ghost, amateur OpMo; Natasha
D:4 2 transporters


Innate Abilities, Weirdness & Mutations

You have sharp fingernails.
You are mostly covered in icy blue scales. (AC +3)
You regenerate health from kills.
You are mostly covered in sharp spines.
You possess an exceptional clarity of mind.
Your flesh is cold resistant. (rC+)


Message History

The komodo dragon is heavily wounded.
You hit the yak. You closely miss the yak. You hit the yak.
The yak barely misses you.
The komodo dragon bites you but does no damage.
The yak is struck by your spines. The yak gores you!
* * * LOW HITPOINT WARNING * * *
The yak completely misses you.
As you read the scroll of fog, it crumbles to dust.
The scroll dissolves into smoke.
The yak gores you.
* * * LOW HITPOINT WARNING * * *
The komodo dragon is struck by your spines.
The komodo dragon barely misses you. The yak is struck by your spines.
The yak closely misses you. x2
You hit the komodo dragon but do no damage.
The komodo dragon is heavily wounded.
You closely miss the yak. You hit the yak. x2
The yak is struck by your spines. The yak gores you.
* * * LOW HITPOINT WARNING * * *
The komodo dragon bites you!!
You die...

...... ..... .#.. ... # ..
.##.##.#########
......Y§§§......
.....lY@l............
......Y§§..............
###.####............... #
#..............#
#..............##
########..............P#
...............................#
...............................#
..........######.#####P..._..#.#


You could see a komodo dragon, 3 yaks and a basilisk.

Vanquished Creatures
  Grinder (D:3)
  3 centaur simulacra (D:7)
  A spriggan (D:7)
  3 wargs (D:8)
  A water moccasin (Lair:1)
  A porcupine (Lair:1)
  4 ice beasts
  A black bear (D:6)
  An orc warrior (D:8)
  A sky beast (D:7)
  4 centaurs
  A crocodile (D:7)
  5 bullfrogs
  3 killer bees (D:4)
  3 howler monkeys (D:8)
  2 bullfrog zombies (D:6)
  4 crimson imps
  A centaur skeleton (D:7)
  2 hounds
  3 orc priests (D:8)
  Jessica (D:2)
  2 iguanas
  Ijyb (D:3)
  3 orc wizards
  4 worker ants
  Natasha (twice) (D:3)
  3 gnolls (D:4)
  A howler monkey skeleton (D:6)
  8 adders
  2 shadow imps
  2 oozes
  2 dart slugs
  3 leopard geckos
  17 orcs
  A giant cockroach (D:3)
  5 hobgoblins
  14 jackals
  8 kobolds
  7 bats
  2 frilled lizards (D:1)
  7 goblins
  2 leopard gecko skeletons
  7 rats
149 creatures vanquished.

Notes
Turn   | Place    | Note
-------+----------+-------------------------------------------
     0 | D:1      | BaronVonScrub the Demonspawn Berserker began the quest for the Orb.
     0 | D:1      | Reached XP level 1. HP: 18/18 MP: 1/1
   198 | D:1      | Gained mutation: You are partially covered in sharp spines. [demonic ancestry]
   198 | D:1      | Reached XP level 2. HP: 9/24 MP: 2/2
   198 | D:1      | Reached skill level 3 in Axes
  1154 | D:2      | Gained mutation: You are partially covered in icy blue scales. (AC +2) [demonic ancestry]
  1154 | D:2      | Reached XP level 3. HP: 29/29 MP: 3/3
  1170 | D:2      | Found a transporter.
  1173 | D:2      | Found a transporter.
  1181 | D:2      | Found a deep blue altar of Sif Muna.
  1190 | D:2      | Reached ** piety under Trog
  1224 | D:2      | Noticed a bullfrog
  1315 | D:2      | Noticed Jessica
  1319 | D:2      | Killed Jessica
  1319 | D:2      | Gained mutation: You have sharp fingernails. [demonic ancestry]
  1319 | D:2      | Reached XP level 4. HP: 27/35 MP: 2/4
  1700 | D:2      | Killed a bullfrog
  1700 | D:2      | Reached skill level 4 in Axes
  1700 | D:2      | Gained mutation: You are mostly covered in icy blue scales. (AC +3) [demonic ancestry]
  1700 | D:2      | Reached XP level 5. HP: 36/42 MP: 5/5
  1845 | D:3      | Noticed Ijyb
  1854 | D:3      | Paralysed by Ijyb for 6 turns
  1863 | D:3      | Paralysed by Ijyb for 2 turns
  1865 | D:3      | Killed Ijyb
  1895 | D:3      | Found a snail-covered altar of Cheibriados.
  1897 | D:3      | Noticed BaronVonScrub's ghost (amateur OpMo)
  2034 | D:3      | Found a hazy altar of Hepliaklqana.
  2037 | D:3      | Noticed Natasha
  2038 | D:3      | Noticed Grinder
  2048 | D:3      | Killed Natasha
  2048 | D:3      | Reached *** piety under Trog
  2048 | D:3      | Gained mutation: You are mostly covered in sharp spines. [demonic ancestry]
  2048 | D:3      | Reached XP level 6. HP: 23/49 MP: 2/6
  2048 | D:3      | Paralysed by Grinder for 4 turns
  2056 | D:3      | Killed Grinder
  2056 | D:3      | Reached skill level 5 in Axes
  2471 | D:3      | Noticed Natasha
  2476 | D:3      | Killed Natasha
  2556 | D:3      | Noticed Natasha
  2675 | D:4      | Found an opulent altar of Gozag.
  2762 | D:4      | Gained mutation: You regenerate a little health from kills. [demonic ancestry]
  2762 | D:4      | Reached XP level 7. HP: 47/55 MP: 5/7
  2791 | D:4      | Found a transporter.
  2815 | D:4      | Found a transporter.
  3068 | D:4      | Reached skill level 5 in Fighting
  3073 | D:4      | Reached skill level 6 in Axes
  3163 | D:4      | Found Visah's Antique Weapon Shoppe.
  3211 | D:4      | Found a staircase to the Ecumenical Temple.
  3222 | Temple   | Entered the Ecumenical Temple
  3655 | D:5      | Entered Level 5 of the Dungeon
  3951 | D:5      | Reached XP level 8. HP: 58/63 MP: 8/8
  4545 | D:6      | Found a radiant altar of Vehumet.
  4885 | D:6      | Reached skill level 5 in Armour
  4930 | D:6      | Reached skill level 7 in Axes
  4941 | D:6      | Found a blossoming altar of Fedhas.
  5142 | D:7      | Reached **** piety under Trog
  5267 | D:7      | Found a shattered altar of Ashenzari.
  5347 | D:7      | Found a transporter.
  5408 | D:7      | Fell from the grace of Trog
  5408 | D:7      | Became a worshipper of Ashenzari the Shackled
  5415 | D:7      | Gained mutation: Your flesh is cold resistant. (rC+) [potion of mutation]
  5415 | D:7      | Gained mutation: Your flesh is very cold resistant. (rC++) [potion of mutation]
  5415 | D:7      | Lost mutation: Your flesh is very cold resistant. (rC++) [potion of mutation]
  5415 | D:7      | Gained mutation: You possess an exceptional clarity of mind. [potion of mutation]
  5584 | D:7      | Found a deep blue altar of Sif Muna.
  5628 | D:7      | Found an iron altar of Okawaru.
  5719 | D:7      | Found a sparkling altar of Nemelex Xobeh.
  5761 | D:7      | Found a transporter.
  5796 | D:7      | Gained mutation: You regenerate health from kills. [demonic ancestry]
  5796 | D:7      | Reached XP level 9. HP: 67/71 MP: 7/9
  5893 | D:7      | Paralysed by Trog for 3 turns
  5954 | D:7      | Reached skill level 8 in Axes
  5969 | D:7      | Got the uncursed pair of boots "Ihotwajo" {rC++ Str+4 Dex+2}
  5975 | D:7      | Identified the +2 pair of boots "Ihotwajo" {rC++ Str+4 Dex+2} (You found it on level 7 of the Dungeon)
  6014 | D:8      | Found a staircase to the Lair.
  6021 | D:8      | Reached skill level 9 in Axes
  6305 | Lair:1   | Entered Level 1 of the Lair of Beasts
  6358 | Lair:1   | Reached XP level 10. HP: 80/80 MP: 10/10
  6380 | Lair:1   | Found an opulent altar of Gozag.
  6411 | Lair:1   | Slain by a komodo dragon

Vault maps used:
D:1:      lemuel_arrival_rhombus, hex_intersection, minmay_tromino_i4
D:2:      gammafunk_temple_overflow_arena, uniq_jessica
D:3:      overflow_temple_1_default, nicolae_overflow_hidden_temple,
          uniq_natasha, uniq_ijyb, uniq_grinder
D:4:      gammafunk_steamed_eel, marbit_many_paths,
          minmay_temple_entry_enclosed_plants, first_ration, serial_shops,
          kennysheep_little_box
D:6:      lemuel_crystal_altar, kennysheep_mini_moat, amethyst_killhole
D:7:      gammafunk_cloud_chamber, nicolae_ashenzari_panopticon,
          lemuel_crystal_altar, nicolae_overflow_crystal_walls, the_bakery,
          glass_columns_c, led_sif_pool
D:8:      erik_lair_orcish_takeover, trog_ov_bears_minmay
Temple:   minmay_temple_bridge_abc
Lair:1:   basic_altar, lemuel_old_faithful

Skill      XL: |  1  2  3  4  5  6  7  8  9 |
---------------+----------------------------+-----
Armour         | 2 3 4 6 7 |  7.0
Axes           | 3 4 5 6 7 9 |  9.3
Dodging        | 2 |  2.1
Fighting       | 4 5 6 8 |  8.2
Stealth        | |  0.1

Action                   |  1- 3 |  4- 6 |  7- 9 | 10-12 || total
-------------------------+-------+-------+-------+-------++-------
Melee: Hand axe          |    68 |    62 |   203 |     9 ||   342
Invok: Berserk           |     1 |       |       |       ||     1
       Curse Item        |       |       |     5 |       ||     5
  Use: Scroll            |     8 |     5 |     3 |     1 ||    17
       Potion            |     3 |     6 |     3 |       ||    12
  Eat: Chunk             |     2 |     4 |     8 |       ||    14
       Ration            |       |       |     2 |       ||     2
Armor: Animal skin       |     8 |       |       |       ||     8
       Chain mail        |    31 |    51 |   121 |     5 ||   208
Dodge: Dodged            |    58 |    30 |   119 |    13 ||   220

Table legend:
 A = Spawn XP
 B = Non-spawn XP
 C = Spawn XP percentage of total XP
 D = Spawn monster count
 E = Non-spawn monster count
 F = Spawn count percentage of total count
 G = Total turns spent on level
                    A         B        C        D         E        F      G
               +---------+---------+-------+---------+---------+-------+---------
         Total |       0 |    5608 |   0.0 |       0 |     149 |   0.0 |  6411
               +---------+---------+-------+---------+---------+-------+---------
           D:1 |       0 |      32 |   0.0 |       0 |      19 |   0.0 |  1127
           D:2 |       0 |     202 |   0.0 |       0 |      23 |   0.0 |   653
           D:3 |       0 |     486 |   0.0 |       0 |      21 |   0.0 |   877
           D:4 |       0 |     308 |   0.0 |       0 |      15 |   0.0 |   797
           D:5 |       0 |     424 |   0.0 |       0 |      10 |   0.0 |   780
           D:6 |       0 |     538 |   0.0 |       0 |      12 |   0.0 |   699
           D:7 |       0 |    2062 |   0.0 |       0 |      22 |   0.0 |   858
           D:8 |       0 |    1174 |   0.0 |       0 |      24 |   0.0 |   313
        Lair:1 |       0 |     382 |   0.0 |       0 |       3 |   0.0 |   106
               +---------+---------+-------+---------+---------+-------+---------
